[Event "Titled Tuesday Blitz November 14 Early 2023"]
[White "Skatchkov, Valery"]
[Black "Salinas Herrera, Pablo"]
[WhiteFideId "24195812"]
[BlackFideId "3407128"]
[WhiteElo "2597"]
[BlackElo "2893"]
[Result "0-1"]
[Round "2"]
[TimeControl "180+1"]
[Date "2023.11.14"]
[WhiteClock "0:00:15"]
[BlackClock "0:00:55"]
[Board "41"]

1. d4 d5 2. c4 e6 3. Nf3 Nf6 4. g3 c6 5. Bg2 b6 6. O-O Bb7 7. Nc3 dxc4 8. Ne5 Nbd7 9. Nxc4 Be7 10. Bf4 O-O 11. Nd6 Bxd6 12. Bxd6 Re8 13. Qc2 Qc8 14. e4 c5 15. d5 exd5 16. exd5 a6 17. a4 c4 18. Rae1 Nf8 19. Re7 Ng6 20. Rc7 Qd8 21. Rxb7 Qxd6 22. Qd2 Nd7 23. Ne4 Rxe4 24. Bxe4 Nc5 25. Bxg6 hxg6 26. Rxf7 Kxf7 27. Qd4 b5 28. axb5 axb5 29. Re1 Re8 30. Rxe8 Kxe8 31. Qxg7 Nd3 32. Qb7 Qc5 33. Kg2 Qxf2+ 34. Kh3 Qf5+ 35. Kg2 Qe4+ 36. Kh3 Nf2# 0-1


[Site "https://www.chess.com"]

[Event "Titled Tuesday Blitz November 14 Early 2023"]
[White "Steinberg, Nitzan"]
[Black "Ahmad, Khagan"]
[WhiteFideId "2801795"]
[BlackFideId "13431552"]
[WhiteElo "2886"]
[BlackElo "2597"]
[Result "1-0"]
[Round "2"]
[TimeControl "180+1"]
[Date "2023.11.14"]
[WhiteClock "0:00:05"]
[BlackClock "0:00:00"]
[Board "42"]

1. d4 Nf6 2. Nf3 d5 3. Bf4 c5 4. e3 Nc6 5. Nbd2 Nh5 6. Be5 f6 7. Bg3 Bg4 8. Be2 e6 9. c3 Be7 10. dxc5 Bxc5 11. Nd4 Bxe2 12. Qxe2 Nxg3 13. hxg3 Qd7 14. N2b3 Bd6 15. Rd1 Nxd4 16. Nxd4 f5 17. g4 Be5 18. gxf5 exf5 19. Qf3 g6 20. Nc2 O-O-O 21. Nb4 Qa4 22. O-O a5 23. Rxd5 axb4 24. Rxe5 bxc3 25. Rc1 Kb8 26. Re7 Rd7 27. Rxd7 Qxd7 28. Rxc3 Rc8 29. Qf4+ Ka7 30. Qd4+ Qxd4 31. exd4 Re8 32. Kf1 Kb6 33. a4 Ka5 34. Rc4 Rd8 35. f3 b5 36. axb5 Kxb5 37. b3 Ra8 38. Rc7 h5 39. Rg7 Ra6 40. Kf2 Kb4 41. Ke3 Kxb3 42. Kf4 Kc4 43. Rd7 Ra2 44. g3 Rf2 45. d5 Kc5 46. d6 Kc6 47. Rd8 Rd2 48. Ke5 Rd5+ 49. Ke6 Rd1 50. Rc8+ 1-0


[Site "https://www.chess.com"]

[Event "Titled Tuesday Blitz November 14 Early 2023"]
[White "Tasev, Dejan"]
[Black "Henriquez Villagra, Cristobal"]
[WhiteFideId "936618"]
[BlackFideId "3409350"]
[WhiteElo "2593"]
[BlackElo "2882"]
[Result "0-1"]
[Round "2"]
[TimeControl "180+1"]
[Date "2023.11.14"]
[WhiteClock "0:00:22"]
[BlackClock "0:00:51"]
[Board "43"]

1. e4 d6 2. d4 Nf6 3. Nc3 e5 4. Nge2 Nbd7 5. g3 c6 6. a4 g6 7. Bg2 Bg7 8. h3 O-O 9. O-O Re8 10. g4 exd4 11. Nxd4 Nc5 12. Re1 h5 13. g5 Nh7 14. h4 d5 15. Bf4 Bg4 16. Qd2 dxe4 17. Nde2 Qxd2 18. Bxd2 a5 19. Be3 Na6 20. Nxe4 Nb4 21. Rac1 Bxb2 22. Rb1 Nxc2 23. Rxb2 Nxe1 24. N2c3 Bf3 25. Bxf3 Nxf3+ 26. Kf1 b5 27. axb5 cxb5 28. Rxb5 a4 29. Rb1 a3 30. Ra1 Nxh4 31. Bc5 a2 32. Nd6 Reb8 33. Rxa2 Rxa2 34. Nxa2 Rb1+ 35. Ke2 Rb2+ 0-1


[Site "https://www.chess.com"]

[Event "Titled Tuesday Blitz November 14 Early 2023"]
[White "borocotoajua"]
[Black "Bachmann, Axel"]
[BlackFideId "3700488"]
[WhiteElo "2593"]
[BlackElo "2878"]
[Result "0-1"]
[Round "2"]
[TimeControl "180+1"]
[Date "2023.11.14"]
[WhiteClock "0:00:06"]
[BlackClock "0:01:43"]
[Board "44"]

1. d4 Nf6 2. Nf3 e6 3. c4 c5 4. d5 exd5 5. cxd5 d6 6. Nc3 g6 7. e4 Bg7 8. Be2 O-O 9. O-O Bg4 10. Nd2 Bxe2 11. Qxe2 Re8 12. Qb5 Qc7 13. Re1 a6 14. Qb3 b5 15. e5 dxe5 16. Nde4 Nbd7 17. Bg5 Nxe4 18. Nxe4 h6 19. d6 Qc6 20. Be7 c4 21. Qf3 Rac8 22. a4 f5 23. axb5 axb5 24. Nc3 e4 25. Qg3 Kh7 26. Ra7 b4 27. Ne2 c3 28. bxc3 bxc3 29. Nf4 g5 30. Ne6 c2 31. Rc1 Qd5 32. Nxg5+ hxg5 33. h4 Qd1+ 34. Kh2 Qxc1 35. hxg5 Be5 36. g6+ Kg8 0-1


[Site "https://www.chess.com"]

[Event "Titled Tuesday Blitz November 14 Early 2023"]
[White "AlmasRakhmatullaev"]
[Black "Manukyan, Sargis A."]
[BlackFideId "13303970"]
[WhiteElo "2877"]
[BlackElo "2590"]
[Result "1/2-1/2"]
[Round "2"]
[TimeControl "180+1"]
[Date "2023.11.14"]
[WhiteClock "0:00:03"]
[BlackClock "0:00:07"]
[Board "45"]

1. e4 c5 2. Nf3 d6 3. d4 cxd4 4. Qxd4 Nf6 5. h3 g6 6. Be2 Bg7 7. O-O O-O 8. Rd1 Nc6 9. Qe3 Qa5 10. c4 Qc5 11. Nc3 Qxe3 12. Bxe3 Be6 13. Rac1 Rfc8 14. b3 h6 15. Bd3 Nd7 16. Nd5 Bxd5 17. exd5 Nce5 18. Nxe5 Nxe5 19. Be2 g5 20. Re1 a6 21. g3 b5 22. f4 gxf4 23. gxf4 Ng6 24. Kf2 bxc4 25. Bxc4 a5 26. a4 Nh4 27. Bd3 Bb2 28. Rxc8+ Rxc8 29. Kg3 Ng6 30. Re2 Rc3 31. Bc4 Bc1 32. Kf3 Kf8 33. Ke4 Bxe3 34. Rxe3 Rc2 35. Re2 Rc3 36. Re3 f5+ 37. Kf3 Nh4+ 38. Kf2 Rc2+ 39. Be2 Ng6 40. Kg3 h5 41. Bxh5 Nh8 42. h4 Nf7 43. Bf3 Nh6 44. h5 Kf7 45. Re6 Ng8 46. h6 Nf6 47. Re3 Rc1 48. Rd3 Rc8 49. Kf2 Rh8 50. Rc3 Rxh6 51. Rc6 Rh2+ 52. Ke3 Rb2 53. Rb6 Nd7 54. Rb5 Nc5 55. Bd1 Rb1 56. Bc2 Rc1 57. Bxf5 Rc3+ 58. Kd4 Rf3 59. Be6+ Kf6 60. f5 Rf4+ 61. Kc3 Rf3+ 62. Kb2 Rf2+ 63. Ka3 Rf3 64. Rxa5 Rxb3+ 65. Ka2 Rb4 66. Ka3 Rb3+ 67. Ka2 Rb4 68. Ka3 Rb3+ 1/2-1/2


[Site "https://www.chess.com"]

[Event "Titled Tuesday Blitz November 14 Early 2023"]
[White "Tikhonov, Viacheslav"]
[Black "Klukin, Kirill"]
[WhiteFideId "44196407"]
[BlackFideId "24199273"]
[WhiteElo "2589"]
[BlackElo "2867"]
[Result "1/2-1/2"]
[Round "2"]
[TimeControl "180+1"]
[Date "2023.11.14"]
[WhiteClock "0:00:20"]
[BlackClock "0:00:27"]
[Board "46"]

1. e4 c5 2. Nf3 g6 3. d4 cxd4 4. Nxd4 Bg7 5. c4 Nc6 6. Be3 Nf6 7. Nc3 O-O 8. Be2 d6 9. O-O Bd7 10. h3 Nxd4 11. Bxd4 Bc6 12. Qc2 a5 13. Rad1 Qc7 14. f4 e5 15. Be3 exf4 16. Bxf4 Qb6+ 17. Kh2 Rfe8 18. Bf3 Qc5 19. Qd3 Rad8 20. Bxd6 Qa7 21. e5 Nd7 22. Qc2 Bxf3 23. Rxf3 Nxe5 24. Bxe5 Bxe5+ 25. Kh1 Rxd1+ 26. Qxd1 Qc5 27. b3 Bxc3 28. Rxc3 Qb4 29. Qd2 h5 30. Rd3 Re1+ 31. Kh2 Qe7 32. Rd8+ Kh7 33. Qd4 Qe5+ 34. Qxe5 Rxe5 35. Rd7 b5 36. cxb5 Rxb5 37. Rxf7+ Kh6 38. Rf4 Rd5 39. Ra4 Kg5 40. Kg3 Kf5 41. Kf3 g5 42. g4+ hxg4+ 43. hxg4+ Ke5 44. Ke3 Rc5 45. Kd3 Kd5 46. Rd4+ Ke5 47. Rc4 Rd5+ 48. Ke3 Rb5 49. Rc3 Rb4 50. Rc5+ Kf6 51. Kf3 Rf4+ 52. Kg3 a4 53. Rf5+ Rxf5 54. gxf5 Kxf5 55. bxa4 Ke5 56. Kg4 Kd5 57. Kxg5 Kc5 58. Kf4 Kb6 59. Ke3 Ka5 60. Kd2 Kxa4 61. Kc2 Ka3 62. Kb1 Kb4 63. Kb2 Ka4 64. a3 Kb5 65. Ka2 Ka5 66. Kb3 Ka6 67. a4 Ka7 68. Ka3 Ka8 69. Kb4 Kb8 70. a5 Ka8 71. Ka4 Kb8 72. Kb5 Ka8 73. a6 Kb8 74. Ka5 Ka8 75. Kb6 Kb8 76. a7+ Ka8 77. Ka6 1/2-1/2


[Site "https://www.chess.com"]

[Event "Titled Tuesday Blitz November 14 Early 2023"]
[White "Madaminov, Mukhiddin"]
[Black "Sousa, Andre Ventura"]
[WhiteFideId "14210703"]
[BlackFideId "1917617"]
[WhiteElo "2865"]
[BlackElo "2584"]
[Result "1-0"]
[Round "2"]
[TimeControl "180+1"]
[Date "2023.11.14"]
[WhiteClock "0:00:44"]
[BlackClock "0:00:11"]
[Board "47"]

1. e4 e5 2. Nf3 Nc6 3. Bb5 a6 4. Ba4 Nf6 5. O-O d6 6. Re1 g6 7. c3 Bd7 8. d4 Bg7 9. Bc2 O-O 10. a4 Bg4 11. d5 Ne7 12. Nbd2 Nh5 13. h3 Bd7 14. c4 a5 15. Nf1 Qe8 16. g4 Nf4 17. Bxf4 exf4 18. e5 dxe5 19. Nxe5 Qd8 20. Nh2 f5 21. g5 Nc8 22. Nhf3 Nd6 23. Kg2 Re8 24. Qd2 Bxe5 25. Rxe5 Rxe5 26. Nxe5 Qxg5+ 27. Kh2 Be8 28. Re1 b6 29. b3 Bf7 30. Nf3 Qh6 31. Re7 Re8 32. Rxc7 Ne4 33. Qd4 Qh5 34. Bxe4 fxe4 35. Qf6 Rf8 36. Ne5 Qe2 37. Ng4 h5 38. Nh6+ Kh7 39. Qxf4 e3 40. Rxf7+ Rxf7 41. Qxf7+ Kxh6 42. Qf4+ Kh7 43. Qxe3 Qb2 44. d6 Qa3 45. Qd4 1-0


[Site "https://www.chess.com"]

[Event "Titled Tuesday Blitz November 14 Early 2023"]
[White "Jaskolka, Tomasz"]
[Black "Boruchovsky, Avital"]
[WhiteFideId "1170791"]
[BlackFideId "2800055"]
[WhiteElo "2580"]
[BlackElo "2859"]
[Result "0-1"]
[Round "2"]
[TimeControl "180+1"]
[Date "2023.11.14"]
[WhiteClock "0:00:01"]
[BlackClock "0:00:26"]
[Board "48"]

1. d4 Nf6 2. Nc3 d5 3. Bf4 g6 4. e3 Bg7 5. h4 h5 6. Nf3 O-O 7. Be2 c5 8. Ne5 cxd4 9. exd4 Nc6 10. Bb5 Qb6 11. Bxc6 bxc6 12. Qd2 Bf5 13. O-O-O c5 14. Na4 Qa6 15. Nxc5 Qxa2 16. Qc3 Ne4 17. Nxe4 Bxe4 18. Qa3 Qxa3 19. bxa3 Rfc8 20. Rd2 Bxg2 21. Rg1 Be4 22. f3 Bf5 23. Be3 Rc3 24. Nd3 Rb8 25. Bf4 Rbc8 26. Nb4 Rxa3 27. Nxd5 Kf8 28. Kb2 Ra5 29. Nb4 Rb5 30. Ka3 Rc3+ 31. Ka4 Bd7 32. Rd3 Rc4 33. c3 0-1


[Site "https://www.chess.com"]

[Event "Titled Tuesday Blitz November 14 Early 2023"]
[White "BardArtem"]
[Black "Demin, Vladimir"]
[BlackFideId "4167457"]
[WhiteElo "2853"]
[BlackElo "2578"]
[Result "0-1"]
[Round "2"]
[TimeControl "180+1"]
[Date "2023.11.14"]
[WhiteClock "0:00:03"]
[BlackClock "0:00:49"]
[Board "49"]

1. e4 e5 2. d4 exd4 3. Qxd4 Nc6 4. Qd3 Nf6 5. Nc3 d5 6. Bf4 dxe4 7. Qxd8+ Nxd8 8. O-O-O c6 9. f3 Bb4 10. fxe4 Bxc3 11. bxc3 Ne6 12. Be5 Nxe4 13. Nh3 O-O 14. Bd3 N6c5 15. Rhe1 Bxh3 16. Bxe4 Nxe4 17. Rxe4 Be6 18. Kb2 Rfd8 19. Red4 Rxd4 20. cxd4 f6 21. Bg3 Bd5 22. Rd2 Re8 23. Kc3 Bxa2 24. Kb4 b5 25. c3 Bd5 26. Kc5 Kf7 27. Bd6 h5 28. g3 Re1 29. Bb8 a5 30. Kb6 a4 31. Bd6 Ra1 32. h3 a3 33. c4 bxc4 34. Re2 a2 35. Re7+ Kg6 36. Ra7 Rb1+ 37. Kc5 a1=Q 38. Rxa1 Rxa1 39. g4 hxg4 40. h4 c3 41. Bf4 c2 42. Kd6 c1=Q 43. h5+ Kxh5 44. Ke7 Qxf4 45. Kf8 Ra7 46. Ke8 Qb8# 0-1


[Site "https://www.chess.com"]

[Event "Titled Tuesday Blitz November 14 Early 2023"]
[White "Beerdsen, Thomas"]
[Black "Bagrationi, Alexander"]
[WhiteFideId "1030108"]
[BlackFideId "14104954"]
[WhiteElo "2850"]
[BlackElo "2573"]
[Result "1-0"]
[Round "2"]
[TimeControl "180+1"]
[Date "2023.11.14"]
[WhiteClock "0:01:50"]
[BlackClock "0:01:56"]
[Board "50"]

1. e4 c5 2. Nf3 Nc6 3. d4 cxd4 4. Nxd4 g6 5. Nc3 Bg7 6. Nf3 Nf6 7. Bc4 O-O 8. O-O e6 9. Bg5 h6 10. Bh4 g5 11. Bg3 Nxe4 12. Nxe4 d5 13. Bd3 dxe4 14. Bxe4 Qb6 15. Bxc6 Qxc6 16. h4 Bxb2 17. hxg5 Bxa1 18. Qxa1 hxg5 19. Qf6 Qxc2 20. Be5 Qh7 21. Nxg5 Qh5 22. Qg7# 1-0


[Site "https://www.chess.com"]

[Event "Titled Tuesday Blitz November 14 Early 2023"]
[White "Ambartsumova, Karina"]
[Black "Mikaelyan, Arman"]
[WhiteFideId "4166299"]
[BlackFideId "13304852"]
[WhiteElo "2573"]
[BlackElo "2841"]
[Result "0-1"]
[Round "2"]
[TimeControl "180+1"]
[Date "2023.11.14"]
[WhiteClock "0:00:00"]
[BlackClock "0:00:06"]
[Board "51"]

1. d4 d5 2. c4 c6 3. Nf3 Nf6 4. g3 g6 5. b3 Bg7 6. Bg2 O-O 7. Bb2 a5 8. Nc3 dxc4 9. bxc4 Be6 10. Qd3 Na6 11. e4 a4 12. O-O Nb4 13. Qe2 a3 14. Bc1 Bg4 15. e5 Ne8 16. Rb1 Qa5 17. Bd2 c5 18. Nd5 Qd8 19. Nxb4 cxb4 20. Bxb4 Nc7 21. d5 Qd7 22. Rfe1 Bf5 23. Rbd1 Ra4 24. Bc3 Na6 25. e6 Qc7 26. exf7+ Rxf7 27. Bxg7 Kxg7 28. Ne5 Rf8 29. g4 Bc8 30. Rc1 Nc5 31. h3 Rb4 32. Nd3 Nxd3 33. Qxd3 Qc5 34. Qe3 Qxe3 35. Rxe3 Rb2 36. Rxa3 Rfxf2 37. Rg3 Rxa2 38. c5 Rfc2 39. Rxc2 Rxc2 40. c6 bxc6 41. dxc6 Be6 42. Re3 Kf6 43. g5+ Kf7 44. Rf3+ Bf5 45. Rf2 Rc1+ 46. Kh2 Rc3 47. h4 Ke8 48. Rd2 Rc4 49. Kg3 Rc3+ 50. Kh2 Rc5 51. Rb2 Kf7 52. Rd2 Rc4 53. Kg3 Rg4+ 54. Kf3 Rxh4 55. Kg3 Rc4 56. Bf3 Rc3 57. Kf2 e5 0-1


[Site "https://www.chess.com"]

[Event "Titled Tuesday Blitz November 14 Early 2023"]
[White "Weetik, Vjacheslav"]
[Black "Vestby-Ellingsen, Mads"]
[WhiteFideId "4153472"]
[BlackFideId "1520857"]
[WhiteElo "2841"]
[BlackElo "2569"]
[Result "1-0"]
[Round "2"]
[TimeControl "180+1"]
[Date "2023.11.14"]
[WhiteClock "0:01:05"]
[BlackClock "0:00:09"]
[Board "52"]

1. e4 e6 2. d3 c5 3. g3 Nc6 4. Bg2 g6 5. Nc3 Bg7 6. Be3 d6 7. Qd2 Nd4 8. Nd1 Ne7 9. c3 Ndc6 10. Nh3 b6 11. O-O O-O 12. Bh6 Bb7 13. Bxg7 Kxg7 14. f4 f5 15. Ne3 Qd7 16. Rae1 Rae8 17. g4 fxe4 18. dxe4 Kg8 19. e5 d5 20. Ng5 Ba6 21. Rf2 d4 22. Ne4 Nd5 23. Nxd5 exd5 24. Nf6+ Rxf6 25. exf6 Rxe1+ 26. Qxe1 Kf7 27. f5 dxc3 28. Qe6+ Qxe6 29. fxe6+ Kf8 30. Bxd5 cxb2 31. Rxb2 Ne5 32. Rd2 c4 33. Be4 Bb5 34. Rd8+ Be8 35. Bd5 Nc6 36. Bxc6 c3 37. Rxe8# 1-0


[Site "https://www.chess.com"]

[Event "Titled Tuesday Blitz November 14 Early 2023"]
[White "The_Sherman_Variation"]
[Black "Hafiz, Arif Abdul"]
[BlackFideId "7104227"]
[WhiteElo "2568"]
[BlackElo "2837"]
[Result "1/2-1/2"]
[Round "2"]
[TimeControl "180+1"]
[Date "2023.11.14"]
[WhiteClock "0:00:19"]
[BlackClock "0:00:06"]
[Board "53"]

1. e4 e5 2. Nf3 Nc6 3. d4 exd4 4. Nxd4 Nf6 5. Nxc6 bxc6 6. Qe2 Bc5 7. e5 Nd5 8. c4 Ne7 9. Be3 Bxe3 10. Qxe3 O-O 11. Nc3 d5 12. O-O-O Nf5 13. Qf4 Be6 14. Bd3 Qh4 15. Qxh4 Nxh4 16. Rhg1 g5 17. cxd5 cxd5 18. Bb5 Rad8 19. Bc6 d4 20. Ne4 h6 21. Rd2 Kg7 22. Nf6 Ng6 23. Nh5+ Kh8 24. Re1 Bxa2 25. g3 Bd5 26. Bxd5 Rxd5 27. f4 Ne7 28. Nf6 Rdd8 29. Red1 c5 30. Rc2 gxf4 31. gxf4 Nd5 32. Rxc5 Nxf4 33. Rc4 Rc8 34. Rxc8 Rxc8+ 35. Kd2 Rb8 36. Kc2 d3+ 37. Kb1 Rb5 38. Rg1 Ng6 39. e6 Kg7 40. Ne8+ Kf8 41. exf7 Rg5 42. Rf1 d2 43. Kc2 Ne5 44. Nf6 Rg7 45. Re1 Rxf7 46. Rxe5 Rxf6 47. Kxd2 Rf2+ 48. Re2 Rf6 49. Kc3 Rf3+ 50. Kc4 Rh3 51. Kb5 Rb3+ 52. Kc6 Rb6+ 53. Kc7 Kf7 54. Rc2 Rb3 55. Rc6 a5 56. Rxh6 Rxb2 57. Ra6 Rc2+ 58. Kb6 Rxh2 59. Rxa5 Rh6+ 60. Kb7 Rf6 61. Rc5 Kg6 62. Rc6 Rxc6 63. Kxc6 1/2-1/2


[Site "https://www.chess.com"]

[Event "Titled Tuesday Blitz November 14 Early 2023"]
[White "Mikhailovsky, Vladimir"]
[Black "Nasir, Zehn"]
[WhiteFideId "34105414"]
[BlackFideId "2613239"]
[WhiteElo "2835"]
[BlackElo "2567"]
[Result "0-1"]
[Round "2"]
[TimeControl "180+1"]
[Date "2023.11.14"]
[WhiteClock "0:00:07"]
[BlackClock "0:00:14"]
[Board "54"]

1. e4 c6 2. d4 d5 3. Nc3 dxe4 4. Nge2 Nf6 5. Ng3 Bg4 6. Be2 Bxe2 7. Qxe2 Qxd4 8. Bf4 Nd5 9. Nxd5 cxd5 10. Qb5+ Nc6 11. c3 Qb6 12. Qxd5 e6 13. Qxe4 Be7 14. O-O O-O 15. b3 Rad8 16. Be3 Qa5 17. c4 Rd7 18. a3 Rfd8 19. b4 Qe5 20. Rac1 Qxe4 21. Nxe4 b6 22. c5 b5 23. g3 a6 24. Kg2 Rd3 25. Rc3 f5 26. Rxd3 Rxd3 27. Ng5 Bxg5 28. Bxg5 h6 29. Bc1 Kf7 30. Re1 e5 31. Kf1 e4 32. Ke2 Nd4+ 33. Kf1 Ke6 34. Be3 Nc2 35. Rc1 Nxe3+ 36. fxe3 Kd7 37. Kf2 Rxa3 38. g4 g6 39. Kg3 Rxe3+ 40. Kf4 Rf3+ 41. Ke5 e3 42. gxf5 gxf5 43. Kd5 e2 44. Re1 Re3 45. Kd4 Re4+ 46. Kd3 Kc6 47. Rxe2 Rxe2 48. Kxe2 a5 49. bxa5 Kxc5 50. Kf3 b4 51. a6 Kb6 52. a7 Kxa7 53. Kf4 b3 54. Kxf5 b2 55. Kg6 b1=Q+ 56. Kh5 Qh1 57. h4 Kb6 58. Kg4 Kc5 59. Kh5 Kd5 60. Kg4 h5+ 61. Kg5 Ke5 62. Kg6 Qxh4 0-1


[Site "https://www.chess.com"]

[Event "Titled Tuesday Blitz November 14 Early 2023"]
[White "FREDERICKtheMATE"]
[Black "Bordi, Kevin"]
[BlackFideId "621862"]
[WhiteElo "2566"]
[BlackElo "2834"]
[Result "0-1"]
[Round "2"]
[TimeControl "180+1"]
[Date "2023.11.14"]
[WhiteClock "0:00:00"]
[BlackClock "0:00:07"]
[Board "55"]

1. Nf3 d5 2. g3 Nf6 3. Bg2 c6 4. O-O Bf5 5. b3 e6 6. Bb2 Nbd7 7. c4 Be7 8. d3 O-O 9. Nbd2 h6 10. Qc2 a5 11. a3 Qb6 12. e4 dxe4 13. dxe4 Bg6 14. Bd4 Bc5 15. Bc3 Ng4 16. Nb1 Ndf6 17. Ne5 Nxe5 18. Bxe5 Bd4 19. Bxd4 Qxd4 20. Nc3 Rad8 21. Rfd1 Qc5 22. Rd2 b5 23. Bf1 Rxd2 24. Qxd2 bxc4 25. Bxc4 Bxe4 26. Nxe4 Nxe4 27. Qe2 Nd6 28. Bd3 Rb8 29. Qb2 Qd5 30. Bc2 Nf5 31. Rd1 Qc5 32. Kg2 Ne7 33. Be4 Nd5 34. Rc1 Qb6 35. Bc2 h5 36. Qe5 g6 37. Be4 Rd8 38. Qb2 Ne7 39. Qf6 Nd5 40. Qb2 Qc7 41. Rc5 Qb6 42. Qc2 Nf6 43. Bxc6 Rc8 44. Qc4 Nd7 45. Bxd7 Rxc5 46. Qd4 Qb7+ 47. Kh3 Rd5 48. Qc3 Qxd7 0-1


[Site "https://www.chess.com"]

[Event "Titled Tuesday Blitz November 14 Early 2023"]
[White "Derjabin, Ilja"]
[Black "Kozak, Antoni"]
[WhiteFideId "14104768"]
[BlackFideId "21832030"]
[WhiteElo "2565"]
[BlackElo "2829"]
[Result "0-1"]
[Round "2"]
[TimeControl "180+1"]
[Date "2023.11.14"]
[WhiteClock "0:00:00"]
[BlackClock "0:00:06"]
[Board "56"]

1. d4 Nf6 2. c4 e6 3. Nc3 d5 4. cxd5 exd5 5. Bg5 c6 6. e3 Be6 7. Bd3 Nbd7 8. Nge2 h6 9. Bh4 g5 10. Bg3 Nh5 11. Qc2 Nxg3 12. Nxg3 h5 13. Nf5 h4 14. O-O-O Qa5 15. Kb1 O-O-O 16. f3 Kb8 17. Rhe1 Nb6 18. e4 Bxf5 19. exf5 Bd6 20. h3 Rhe8 21. a3 Bg3 22. Rxe8 Rxe8 23. Ne2 Bd6 24. Qd2 Qxd2 25. Rxd2 Re3 26. Kc2 Kc7 27. Nc3 Re1 28. Rd1 Re7 29. Rd2 Nc8 30. Re2 Rxe2+ 31. Nxe2 Be7 32. f4 Nd6 33. fxg5 Bxg5 34. Ng1 Bf6 35. Nf3 b6 36. b4 Kd7 37. Kd2 b5 38. Ne5+ Kc7 39. Ke3 Bxe5 40. dxe5 Nc4+ 41. Kd4 Kd7 42. Be2 Ke7 43. f6+ Ke8 44. Bh5 Kf8 45. Bg4 Nxa3 46. Bd7 Nc2+ 47. Kc5 d4 48. Bf5 Ne3 49. Be4 d3 50. Kd4 d2 51. Kxe3 d1=Q 52. Bf3 Qc1+ 53. Ke4 Qc4+ 54. Kf5 Qxb4 55. Kg5 Qc3 56. Be4 Qc5 57. Bf5 Qxe5 0-1


[Site "https://www.chess.com"]

[Event "Titled Tuesday Blitz November 14 Early 2023"]
[White "Samsonkin, Artiom"]
[Black "Ozates, Tuna"]
[WhiteFideId "13503111"]
[BlackFideId "6354521"]
[WhiteElo "2829"]
[BlackElo "2565"]
[Result "1-0"]
[Round "2"]
[TimeControl "180+1"]
[Date "2023.11.14"]
[WhiteClock "0:00:15"]
[BlackClock "0:00:04"]
[Board "57"]

1. e4 c5 2. Nf3 a6 3. Nc3 e6 4. d4 cxd4 5. Nxd4 b5 6. Bd3 Bb7 7. O-O Bc5 8. Nb3 Ba7 9. Qg4 Nf6 10. Qxg7 Rg8 11. Qh6 Rg6 12. Qh3 b4 13. Ne2 Nxe4 14. Nf4 Rg7 15. Be3 Ng5 16. Qh6 Rg8 17. Bxa7 Rxa7 18. f3 Qc7 19. g3 Nxf3+ 20. Rxf3 Bxf3 21. Rf1 Qb6+ 22. Rf2 Qe3 23. Bf1 Bc6 24. Qxh7 Rf8 25. Nh5 Kd8 26. Qg7 Re8 27. Qf6+ Kc8 28. Nd4 Rc7 29. Nxc6 Nxc6 30. Qxf7 Re7 31. Qf8+ Kb7 32. Qf4 Qc5 33. Bg2 d5 34. Nf6 Rf7 35. g4 e5 36. Qf5 e4 37. g5 Nd4 38. Qxd5+ Qxd5 39. Nxd5 Rxf2 40. Kxf2 Rxc2+ 41. Kg3 Nf5+ 42. Kh3 e3 43. Nxe3+ Rxg2 44. Nxg2 Kc6 45. Kg4 Ne7 46. h4 Kc5 47. h5 Kd4 48. h6 Kd3 49. Nf4+ Kc2 50. g6 Kxb2 51. h7 1-0


[Site "https://www.chess.com"]

[Event "Titled Tuesday Blitz November 14 Early 2023"]
[White "Andrej2004"]
[Black "Kezin, Roman"]
[BlackFideId "24124621"]
[WhiteElo "2558"]
[BlackElo "2827"]
[Result "0-1"]
[Round "2"]
[TimeControl "180+1"]
[Date "2023.11.14"]
[WhiteClock "0:00:33"]
[BlackClock "0:01:24"]
[Board "58"]

1. Nf3 Nf6 2. c4 b6 3. b3 Bb7 4. g3 c5 5. Bg2 g6 6. Bb2 Bg7 7. O-O O-O 8. d4 cxd4 9. Qxd4 Nc6 10. Qd1 d5 11. cxd5 Qxd5 12. Nc3 Qh5 13. Nd4 Nxd4 14. Bxb7 Rad8 15. Bg2 Ng4 16. h3 Nf3+ 17. exf3 Rxd1 18. Raxd1 Nf6 19. Rfe1 e6 20. f4 Qc5 21. Na4 Qe7 22. Be5 Rd8 23. Rc1 Nd5 24. Bxd5 Rxd5 25. Rc8+ Rd8 26. Rc7 Qb4 27. Rec1 Bxe5 28. fxe5 Rd2 29. R1c4 Rd1+ 30. Kg2 Qe1 31. Kf3 Rd2 32. Kg4 h5+ 33. Kg5 Qxe5+ 34. Kh6 Qg7+ 35. Kg5 Rd5+ 36. Kh4 Qf6# 0-1


[Site "https://www.chess.com"]

[Event "Titled Tuesday Blitz November 14 Early 2023"]
[White "Bilan, Danila"]
[Black "Alexandre, Anne Shopie Elizabeth"]
[WhiteFideId "24161918"]
[BlackFideId "11902418"]
[WhiteElo "2558"]
[BlackElo "2825"]
[Result "0-1"]
[Round "2"]
[TimeControl "180+1"]
[Date "2023.11.14"]
[WhiteClock "0:00:00"]
[BlackClock "0:01:02"]
[Board "59"]

1. d4 Nf6 2. Nf3 e6 3. g3 b5 4. Bg2 Bb7 5. O-O h6 6. a4 b4 7. c4 bxc3 8. Nxc3 Be7 9. Qc2 Na6 10. e4 Nb4 11. Qb1 O-O 12. Bf4 a5 13. Rd1 d6 14. e5 Nfd5 15. Bd2 Rb8 16. h4 Ba6 17. Nb5 Bxb5 18. axb5 Rxb5 19. Qe4 Qd7 20. Bf1 Rbb8 21. Bxb4 Nxb4 22. Rxa5 d5 23. Qg4 Ra8 24. Rda1 Rxa5 25. Rxa5 Qc6 26. Qf4 Qc2 27. Qd2 Qe4 28. Kg2 Rb8 29. Ra7 Bd8 30. Ra4 Be7 31. Ra7 Rc8 32. Rb7 Qc2 33. Qxc2 Nxc2 34. Ba6 Bf8 35. Ra7 Rb8 36. Rxc7 Rxb2 37. Rc8 Ne3+ 38. Kg1 Ng4 39. Ne1 Nxf2 40. Nd3 Nxd3 41. Bxd3 Rd2 42. Rc3 g6 43. Kf1 h5 44. Ke1 Rg2 45. Bf1 Rb2 46. Ba6 Bb4 0-1


[Site "https://www.chess.com"]

[Event "Titled Tuesday Blitz November 14 Early 2023"]
[White "LouieKov2022"]
[Black "CrazyAdvenTures"]
[WhiteElo "2558"]
[BlackElo "2823"]
[Result "0-1"]
[Round "2"]
[TimeControl "180+1"]
[Date "2023.11.14"]
[WhiteClock "0:00:00"]
[BlackClock "0:00:13"]
[Board "60"]

1. e4 c5 2. Nf3 Nc6 3. d4 cxd4 4. Nxd4 e5 5. Nb5 d6 6. N1c3 a6 7. Na3 Be6 8. Nd5 Bxd5 9. exd5 Nce7 10. c4 Nf6 11. Be2 g6 12. O-O Bg7 13. Nc2 O-O 14. a4 Rc8 15. a5 Nd7 16. b3 f5 17. Bb2 Nc5 18. b4 Ne4 19. f3 Ng5 20. Qd2 f4 21. Bd3 Nf5 22. Rfe1 e4 23. Bxg7 e3 24. Qc3 Nxg7 25. Nd4 Qf6 26. c5 dxc5 27. bxc5 Rfd8 28. d6 Kh8 29. Qb4 N7e6 30. Nxe6 Nxe6 31. Rac1 Qd4 32. Qxd4+ Nxd4 33. Be4 Nb3 34. Bxb7 Rxc5 35. Rb1 Nxa5 36. Bxa6 Rxd6 37. Bf1 Nc6 38. Rb6 Rd2 39. Re2 Nd4 40. Re1 e2 41. Rb8+ Kg7 42. Re8 Rcc2 43. Bxe2 Rxe2 44. R8xe2 Rxe2 45. Rd1 Nf5 46. Kf1 Ra2 0-1


[Site "https://www.chess.com"]

[Event "Titled Tuesday Blitz November 14 Early 2023"]
[White "Pendos666"]
[Black "Brunner, Nicolas"]
[BlackFideId "620246"]
[WhiteElo "2822"]
[BlackElo "2557"]
[Result "1-0"]
[Round "2"]
[TimeControl "180+1"]
[Date "2023.11.14"]
[WhiteClock "0:00:30"]
[BlackClock "0:00:00"]
[Board "61"]

1. e4 e5 2. Nf3 Nf6 3. Nxe5 d6 4. Nf3 Nxe4 5. Nc3 Nxc3 6. dxc3 Be7 7. Be3 O-O 8. Qd2 Nd7 9. O-O-O Nf6 10. Bd3 c5 11. c4 b5 12. cxb5 a6 13. b6 Qxb6 14. Rhe1 Rb8 15. b3 Bg4 16. Bg5 Rfe8 17. h3 Bh5 18. g4 Bg6 19. Nh4 d5 20. Nxg6 hxg6 21. c4 d4 22. Re2 Bd6 23. Rde1 Qc6 24. Rxe8+ Rxe8 25. Rxe8+ Qxe8 26. f3 Nd7 27. Qe2 Ne5 28. Qe4 Nxd3+ 29. Qxd3 Qe1+ 30. Kc2 Qf2+ 31. Bd2 Bf4 32. Kc1 Bxd2+ 33. Qxd2 Qxf3 34. Qg5 Qxh3 35. Qxc5 Qc3+ 36. Kb1 d3 37. Qg5 Qc2+ 38. Ka1 Qd1+ 39. Kb2 Qe2+ 40. Kc3 Qc2+ 41. Kd4 f6 42. Qxg6 d2 43. Qxc2 1-0


[Site "https://www.chess.com"]